 Dungeon Crawl Stone Soup version 0.31-a0-202-g547052bce9 (webtiles) character file.

Game seed: 17348860702113489234

226 qw the Skirmisher (level 5, -1/29 HPs)
             Began as a Deep Elf Hunter on June 26, 2023.
             Engulfed by a steam dragon's steam (2 damage)
             ... on level 4 of the Dungeon.
             The game lasted 00:00:49 (2617 turns).

qw the Skirmisher (Deep Elf Hunter)                 Turns: 2617, Time: 00:00:50

Health: -1/29      AC:  7    Str: 10    XL:     5   Next: 69%
Magic:  7/7        EV: 11    Int: 14    God:
Gold:   124        SH:  0    Dex: 18    Spells: 4/4 levels left

rFire   . . .        Y - +0 shortbow
rCold   . . .        (shield currently unavailable)
rNeg    . . .        j - +0 ring mail
rPois   .            h - +2 hat
rElec   .            (no cloak)
rCorr   .            (no gloves)
SInv    .            (no boots)
Will    .....        (no amulet)
Stlth   +            (no ring)
HPRegen 0.24/turn    (no ring)
MPRegen 0.10/turn

%: no passive effects
@: no status effects
A: no striking features
a: no special abilities


You were on level 4 of the Dungeon.
You visited 1 branch of the dungeon, and saw 4 of its levels.

You collected 124 gold pieces.


   Skills:
 + Level 1.6 Fighting
 - Level 9.2 Ranged Weapons
 - Level 2.4 Dodging
 - Level 1.2 Stealth


You had 4 spell levels left.
You didn't know any spells.
Your spell library was empty.

Inventory:

Hand Weapons
 Y - a +0 shortbow (weapon)
Armour
 h - a +2 hat (worn)
 j - a +0 ring mail (worn)
Scrolls
 c - a scroll of identify
Potions
 a - a potion of enlightenment {unknown}
 b - a potion of cancellation {unknown}
 d - 2 potions of curing
 e - a potion of might {unknown}
 f - a potion of mutation {unknown}
 i - a potion of ambrosia {unknown}

Dungeon Overview and Level Annotations

Branches:
Dungeon (4/15)
 Temple: D:4-7

Altars:
Cheibriados
Makhleb
Wu Jian

Annotations:
D:3 1 runed translucent door, qw's ghost, amateur DEHu


Message History

Enter note:
There is an escape hatch in the floor here.
A ball python comes into view.
Enter note:
Enter note: You shoot an arrow.
The arrow hits the ball python.
You kill the ball python!
Found a stone staircase leading down.
Enter note:
Enter note: A steam dragon comes into view.
The steam dragon hisses angrily.
Enter note:
Enter note: You shoot an arrow.
The arrow closely misses the steam dragon.
The steam dragon breathes steam at you. The ball of steam hits you!
Ouch! That really hurt!
2609 ||| Stepping ~*~*~tactically~*~*~ (cloud).
You start resting.
A steam dragon is nearby!
You shoot an arrow.
The arrow barely misses the steam dragon.
You shoot an arrow. The arrow hits the steam dragon.
The steam dragon is lightly wounded.
The steam dragon breathes steam at you. The ball of steam misses you.
You shoot an arrow. The arrow hits the steam dragon.
The steam dragon is lightly wounded.
You are engulfed in a cloud of scalding steam.
The steam dragon closely misses you. x2
You shoot an arrow.
The arrow barely misses the steam dragon.
You are engulfed in a cloud of scalding steam.
The steam dragon bites you. The steam dragon barely misses you.
You shoot an arrow. The arrow hits the steam dragon.
The steam dragon is moderately wounded.
You are engulfed in a cloud of scalding steam.
You die...

......... ####.# #.
##+###### #.# #.
##......( #.# #.
.#....... #.# #.
......).. #.# #.
#........#########
#.# #.
.........+.D..¤.>#
#.# #. .........
#D###########.# #.
.<...####
#@##..........# #.
#....#
#¤##.########## #.
.....##### #.##.# #.
#....#...# #¤##.# #.
#.#....#.## #.##.# #.
#.#..#....######.##.#
#>
#................##.#
#.
#.#....###.##..#.##.#
#######.
#........#.#.#...##.#
#.......


You could see a steam dragon (catching breath).

Vanquished Creatures
  A centaur (D:4)
  An iguana (D:3)
  2 orc wizards (D:3)
  An adder (D:3)
  A worm (D:2)
  4 orcs (D:3)
  6 ball pythons
  4 endoplasms
  2 giant cockroaches
  3 goblins
  5 hobgoblins
  9 jackals
  3 quokkas
  3 bats
  A frilled lizard (D:3)
  3 kobolds
  5 rats
54 creatures vanquished.

Notes
Turn   | Place    | Note
-------+----------+-------------------------------------------
     0 | D:1      | qw the Deep Elf Hunter began the quest for the Orb.
     0 | D:1      | Reached XP level 1. HP: 12/12 MP: 3/3
     0 | D:1      | 0 ||| qw: Version: 0.3-a-22-g0ed2b0b
     0 | D:1      | 0 ||| qw: Game counter: 6018
     0 | D:1      | 0 ||| qw: Melee chars always use a shield: true
     0 | D:1      | 0 ||| qw: God list: Okawaru
     0 | D:1      | 0 ||| qw: Allow faded altars: false
     0 | D:1      | 0 ||| qw: Do Orc after clearing Dungeon:15 true
     0 | D:1      | 0 ||| qw: Do second Lair branch before Depths: true
     0 | D:1      | 0 ||| qw: Lair rune preference: random
     0 | D:1      | 0 ||| qw: Goals: Normal
     0 | D:1      | 0 ||| PLANNING D:1-11
   163 | D:1      | Reached XP level 2. HP: 16/16 MP: 4/4
   189 | D:1      | Reached skill level 6 in Ranged Weapons
   471 | D:1      | 471 ||| UPGRADING to +0 scale mail.
   481 | D:1      | 481 ||| DROPPING +0 leather armour.
   482 | D:1      | 482 ||| READING scroll labelled OSE AHAJARGHUKKAOR.
   483 | D:1      | 483 ||| DROPPING scroll of butterflies.
   722 | D:2      | Found an ornate altar of the Wu Jian Council.
   978 | D:2      | Reached XP level 3. HP: 17/20 MP: 5/5
  1366 | D:2      | 1366 ||| UPGRADING to +2 hat.
  1371 | D:2      | 1371 ||| READING scroll labelled YLIORORCHEB.
  1374 | D:2      | 1374 ||| READING scroll labelled TUASEB YRCHOPS.
  1475 | D:2      | 1475 ||| READING scroll labelled JOIDEI ESEROISCH.
  1498 | D:3      | Reached skill level 7 in Ranged Weapons
  1498 | D:3      | 1498 ||| STAIRDANCE
  1582 | D:3      | Found a burning altar of Makhleb.
  1593 | D:3      | Reached XP level 4. HP: 25/25 MP: 6/6
  1950 | D:3      | Found a snail-covered altar of Cheibriados.
  2009 | D:3      | Reached skill level 8 in Ranged Weapons
  2021 | D:3      | Reached XP level 5. HP: 21/29 MP: 7/7
  2187 | D:3      | Found a runed translucent door.
  2188 | D:3      | Noticed qw's ghost (amateur DEHu)
  2304 | D:3      | Found a faded altar of an unknown god.
  2347 | D:3      | 2347 ||| UPGRADING to +0 ring mail.
  2357 | D:3      | 2357 ||| DROPPING +0 scale mail.
  2358 | D:3      | 2358 ||| READING scroll labelled YFUZ TAQAONITS.
  2359 | D:3      | 2359 ||| DRINKING 3 murky inky potions.
  2389 | D:4      | Noticed a centaur
  2394 | D:4      | Killed a centaur
  2395 | D:4      | Reached skill level 9 in Ranged Weapons
  2607 | D:4      | Noticed a steam dragon
  2609 | D:4      | 2609 ||| Stepping ~*~*~tactically~*~*~ (cloud).
  2616 | D:4      | HP: 2/29 [steam dragon] (9)]
  2617 | D:4      | Engulfed by a steam dragon's steam

Levels and vault maps discovered:
D:1:      wander_arrival_peaceful_grave, layout_basic, hangedman_decor_push
D:2:      layout_basic, basic_altar
D:3:      layout_loops_ring, chei_slow_surprise, mainiacjoe_overflow_paths,
          ebering_ghost_reflecting_pool, shapermc_ecumenical_altar_mp_vishouse,
          minivault_23, grunt_decor_one_mirror
D:4:      layout_basic

Skill      XL: |  1  2  3  4  5 |
---------------+----------------+-----
Ranged Weapons | 6 7 8 9 |  9.2
Fighting       | |  1.6
Dodging        | |  2.4
Stealth        | |  1.2

Action                     |  1- 3 |  4- 6 || total
---------------------------+-------+-------++-------
   Fire: Shortbow          |   108 |    62 ||   170
    Use: Scroll            |     4 |     1 ||     5
         Potion            |       |     1 ||     1
 Armour: Leather armour    |     3 |       ||     3
         Scale mail        |     8 |    16 ||    24
  Dodge: Dodged            |    36 |    22 ||    58

Table legend:
 A = Non-vault XP
 B = Vault XP
 C = Vault XP percentage of total XP
 D = Non-vault monster count
 E = Vault monster count
 F = Vault count percentage of total count
                 A         B        C        D         E       F
            +---------+---------+-------+---------+---------+-------
      Total |     323 |       0 |   0.0 |      54 |       0 |   0.0
            +---------+---------+-------+---------+---------+-------
        D:1 |      26 |       0 |   0.0 |      15 |       0 |   0.0
        D:2 |      25 |       0 |   0.0 |      14 |       0 |   0.0
        D:3 |     153 |       0 |   0.0 |      22 |       0 |   0.0
        D:4 |     119 |       0 |   0.0 |       3 |       0 |   0.0
            +---------+---------+-------+---------+---------+-------
